Map: Beckett Industries LE

Players

MilkEffect - Winner!

  • Race: Zerg Zerg
  • League: Platinum

Massa

  • Race: Terran Terran
  • League: Platinum

VOD

Have the link to the VOD?

Description

Time

  • Played on: April 7, 2021, 4:08 p.m.
  • Length: 19:08
Show
View Real Time Build Order
Export as new Build Order

MilkEffect Zerg - Winner!

Build Orders: Hatch First, Lurkers 

Get SALT Encoding   

  12  0:01  Drone  
  13  0:14  Overlord  
  13  0:17  Drone  
  14  0:32  Drone x2  
  16  0:35  Drone  
  17  0:53  Hatchery  
  16  1:00  Drone  
  16  1:01  Drone  
  18  1:15  Spawning Pool  
  18  1:17  Drone  
  18  1:20  Drone  
  19  1:28  Extractor  
  18  1:41  Drone x2  
  20  1:59  Overlord  
  20  2:01  Queen  
  20  2:05  Queen  
  20  2:07  Zergling x4  
  26  2:16  Drone  
  26  2:20  Drone  
  28  2:24  Overlord  
  28  2:30  Drone  
  29  2:45  Queen  
  29  2:47  Lair  
  31  2:53  Drone x4  
  31  2:56  Drone  
  36  2:59  Drone  
  37  3:20  Drone x3  
  37  3:21  Drone x3, Overlord  
  37  3:22  Overlord  
  37  3:26  Extractor  
  42  3:27  Extractor  
  42  3:31  Roach Warren  
  42  3:32  Evolution Chamber  
  39  3:36  Drone  
  39  3:38  Evolution Chamber  
  39  3:53  Drone x4  
  39  3:54  Drone x4  
  47  4:06  Zerg Ground Armor Level 1  
  47  4:17  Glial Reconstitution  
  47  4:31  Hatchery  
  45  4:42  Roach x3  
  50  4:57  Drone  
  50  4:58  Overlord  
  50  4:59  Overlord x3  
  51  5:16  Queen  
  51  5:20  Roach x2  
  51  5:21  Roach x4  
  65  5:33  Zerg Missile Weapons Level 1, Hydralisk Den  
  64  5:49  Drone  
  65  5:50  Drone x5  
  65  5:51  Overlord  
  70  6:03  Grooved Spines  
  70  6:04  Drone  
  70  6:05  Drone x3, Overlord  
  70  6:06  Drone  
  70  6:09  Drone  
  76  6:11  Extractor  
  75  6:19  Queen  
  75  6:21  Drone x3  
  75  6:25  Drone x2  
  82  6:27  Drone  
  82  6:28  Drone x2  
  85  6:44  Overlord  
  85  6:46  Extractor  
  85  6:47  Drone x3  
  85  6:48  Extractor, Drone x3  
  84  7:06  Spore Crawler  
  83  7:09  Spore Crawler  
  83  7:14  Overseer, Muscular Augments  
  83  7:15  Hydralisk x2, Overseer  
  79  7:16  Hydralisk x5  
  79  7:17  Hydralisk x3  
  90  7:39  Queen  
  90  7:40  Queen x2  
  96  7:52  Drone x3  
  96  7:53  Drone x5  
  96  7:54  Drone x2  
  106  8:06  Drone x2  
  106  8:07  Drone  
  109  8:16  Drone  
  109  8:17  Drone x2  
  112  8:28  Overlord x3  
  112  8:33  Zerg Ground Armor Level 2, Zerg Missile Weapons Level 2  
  112  8:52  Hydralisk  
  112  8:53  Hydralisk x12  
  112  8:55  Hatchery  
  137  9:39  Infestation Pit  
  137  9:40  Overlord  
  137  9:41  Overlord x3  
  137  9:44  Metabolic Boost  
  136  9:49  Overseer  
  136  10:11  Drone x6  
  136  10:12  Drone x5  
  136  10:13  Drone x5  
  136  10:14  Drone x4  
  149  10:27  Hydralisk x3  
  149  10:28  Hydralisk x3  
  149  10:38  Hive  
  147  10:58  Extractor, Drone x3  
  147  10:59  Extractor, Drone x3  
  147  11:02  Drone x2  
  147  11:03  Drone x3  
  147  11:04  Drone x2  
  157  11:05  Drone x2  
  160  11:14  Overlord x3  
  160  11:22  Hatchery  
  159  11:31  Lurker Den  
  156  11:48  Hydralisk  
  156  11:49  Hydralisk x16  
  190  12:12  Zerg Missile Weapons Level 3, Zerg Ground Armor Level 3  
  190  12:40  Adaptive Talons  
  194  12:44  Roach x4  
  194  12:46  Overlord x3  
  180  13:04  Roach  
  180  13:05  Roach x14  
  168  13:16  Roach  
  168  13:17  Roach x7  
  184  13:23  Extractor x2  
  182  13:29  Roach  
  182  13:30  Roach x3  
  190  13:37  Seismic Spines  
  188  13:46  Hydralisk  
  188  13:47  Hydralisk x6  
  148  14:01  Hydralisk  
  148  14:02  Hydralisk x4  
  130  14:03  Hydralisk  
  122  14:13  Lurker  
  122  14:14  Lurker x6  
  122  14:15  Lurker  
  130  14:18  Roach  
  130  14:19  Roach x5  
  142  14:28  Hydralisk  
  142  14:29  Hydralisk x3  
  148  14:59  Roach  
  139  15:00  Roach x11  
  139  15:01  Overseer  
  161  15:18  Roach  
  161  15:19  Roach x5  
  173  15:22  Overlord x2  
  173  15:23  Overlord  
  170  15:47  Hydralisk  
  170  15:48  Hydralisk x10  
  187  16:01  Hydralisk  
  187  16:02  Hydralisk x6  
  185  16:17  Hydralisk x5  
  183  16:27  Hydralisk  
  183  16:28  Hydralisk x6  
  192  16:46  Hatchery  
  187  16:57  Queen  
  183  17:13  Hydralisk  
  183  17:14  Hydralisk x3  
  189  17:16  Overlord x4  
  189  17:41  Lurker x2  
  189  17:43  Lurker  
  192  17:46  Lurker x4  
  192  17:47  Lurker x4  
  200  18:08  Spore Crawler  
  187  18:50  Extractor  
  187  18:54  Extractor  
Show
View Real Time Build Order
Export as new Build Order

Massa Terran 

Build Orders: Hellion Banshee 

Get SALT Encoding   

  12  0:02  SCV  
  13  0:15  SCV  
  14  0:22  Supply Depot  
  14  0:27  SCV  
  15  0:44  SCV  
  15  0:47  Barracks  
  16  0:50  Refinery  
  16  0:56  SCV  
  17  1:08  SCV  
  18  1:21  SCV  
  19  1:33  Orbital Command  
  19  1:35  Marine  
  20  1:44  Command Center  
  20  1:57  Barracks Reactor  
  20  2:04  SCV  
  20  2:07  Supply Depot  
  21  2:16  Factory  
  21  2:47  Marine x2  
  21  2:50  SCV  
  24  3:02  SCV  
  25  3:12  Orbital Command  
  25  3:14  Hellion x2  
  25  3:15  Barracks Tech Lab  
  25  3:18  Starport  
  29  3:31  SCV  
  30  3:35  Refinery, Hellion  
  30  3:36  Hellion  
  34  3:43  SCV, Stimpack  
  34  3:44  SCV  
  36  3:55  SCV  
  37  3:56  Starport Tech Lab  
  37  3:57  SCV, Hellion x2  
  42  4:07  SCV  
  44  4:10  SCV  
  44  4:11  Marine  
  45  4:20  Supply Depot  
  45  4:32  Refinery, SCV  
  45  4:36  Command Center  
  46  4:40  SCV  
  46  4:41  Banshee, Engineering Bay  
  46  4:42  Hellion x2  
  51  5:03  Hellion  
  53  5:10  Supply Depot x2  
  53  5:11  Missile Turret, Supply Depot  
  53  5:31  Cloaking Field  
  53  5:32  Banshee  
  60  5:35  Widow Mine  
  60  5:36  Widow Mine  
  60  5:43  Marine  
  60  5:45  Combat Shield  
  61  5:51  Terran Infantry Weapons Level 1  
  61  5:52  Barracks  
  61  5:54  Barracks  
  61  5:56  SCV x2  
  63  6:01  Marine  
  63  6:03  Widow Mine  
  66  6:15  Medivac  
  68  6:21  SCV x3  
  69  6:33  SCV x3  
  72  6:45  SCV  
  73  6:48  Medivac  
  73  6:51  Marine  
  76  7:09  Marine  
  63  7:45  Terran Infantry Armor Level 1  
  63  7:56  Marauder  
  59  7:58  Barracks Reactor, Barracks Tech Lab  
  59  7:59  Medivac  
  61  8:06  Refinery  
  61  8:11  Barracks  
  61  8:12  Barracks  
  61  8:13  SCV x2  
  61  8:15  Barracks  
  61  8:17  Widow Mine, Marauder  
  61  8:18  Widow Mine, Marauder  
  71  8:21  Concussive Shells  
  71  8:25  SCV x2  
  73  8:29  Medivac  
  73  8:31  Armory  
  75  8:35  Engineering Bay  
  75  8:37  SCV  
  75  8:38  Marine  
  75  8:39  Widow Mine, Marine  
  80  8:51  Marine  
  80  8:52  Marine  
  80  8:54  Widow Mine  
  84  8:55  Marine  
  84  8:56  Marine  
  84  9:00  Widow Mine  
  88  9:06  Planetary Fortress  
  88  9:09  Marine x2  
  89  9:13  Barracks, Marine  
  89  9:14  Barracks Reactor  
  89  9:15  Barracks  
  91  9:41  SCV x2  
  93  9:51  Terran Infantry Weapons Level 2  
  93  9:52  Terran Infantry Armor Level 2  
  93  9:53  Terran Vehicle And Ship Armor Level 1  
  93  9:55  Barracks Reactor, Barracks Tech Lab  
  93  10:01  Supply Depot  
  93  10:04  Supply Depot x2  
  93  10:06  SCV x3, Marauder, Marine x3, Command Center  
  93  10:07  Marauder  
  93  10:19  SCV  
  90  10:26  Supply Depot  
  90  10:31  Supply Depot x2  
  77  10:37  SCV x2  
  76  10:55  Supply Depot  
  76  10:56  Siege Tank  
  79  10:57  Marine  
  79  10:58  Refinery, Marine x2  
  79  10:59  Marine x6  
  79  11:00  Refinery  
  90  11:09  Barracks Tech Lab  
  90  11:10  Barracks Reactor  
  88  11:15  Marine  
  88  11:16  Marine x5  
  88  11:17  Marine x3  
  97  11:23  SCV x3  
  100  11:28  Siege Tank  
  103  11:35  SCV x2  
  103  11:36  Medivac x2  
  109  11:41  Marauder x3  
  109  11:42  Marauder, Marine x6  
  121  11:54  Supply Depot  
  121  11:55  Supply Depot  
  121  11:58  Supply Depot  
  121  11:59  Marine  
  121  12:00  Marine x5, Siege Tank  
  130  12:02  Marine x4  
  130  12:06  Medivac x2  
  130  12:07  Terran Vehicle And Ship Armor Level 2  
  138  12:08  Terran Infantry Weapons Level 3  
  138  12:09  Terran Infantry Armor Level 3  
  138  12:13  Planetary Fortress  
  138  12:16  Supply Depot  
  138  12:17  Marine  
  138  12:18  SCV x2, Marine x5  
  138  12:19  SCV, Marine  
  138  12:20  Marine x3  
  151  12:29  Smart Servos  
  151  12:30  SCV  
  151  12:33  Siege Tank  
  151  12:34  Marine x2  
  151  12:35  Marine x4  
  151  12:36  Marine x2  
  163  12:37  Marine x2  
  163  12:38  Marine x2  
  163  12:39  Medivac x2  
  168  12:52  Marine x2  
  168  12:55  Marine x2  
  168  12:56  Marine x2  
  167  13:05  Siege Tank  
  150  13:30  Marauder x3, Marine x2  
  150  13:31  SCV x4  
  162  13:37  Siege Tank  
  165  13:43  SCV x2  
  165  13:48  Drilling Claws  
  140  14:02  Marauder x4, Marine x5  
  132  14:03  Marine x3  
  136  14:20  Marine x5  
  136  14:23  Marauder  
  143  14:25  SCV x4  
  147  14:36  Terran Vehicle And Ship Armor Level 3  
  147  14:37  SCV x4, Command Center  
  127  15:34  Refinery x2  
  127  15:36  Sensor Tower  
  127  15:44  Siege Tank  
  127  15:58  Marine  
  127  15:59  Marine x2  
  103  16:21  Marauder x3, Marine x5  
  103  16:22  Marine x3  
  104  16:39  Marine x8  
  108  16:42  Marauder x2, Marine  
  97  16:57  Marine x6  
  97  17:00  Marine  
  100  17:03  Marine  
  96  17:11  Command Center  
  93  17:16  Barracks x3  
  93  17:17  Factory  
  93  17:18  Marine  
  93  17:19  Factory, Marine x4  
  91  17:26  Marine  
  75  17:36  Marine  
  63  18:06  Supply Depot x3  
  63  18:07  Supply Depot  
  63  18:09  Barracks Reactor x3, Supply Depot x2  
  63  18:10  Factory Tech Lab  
  63  18:11  Factory Tech Lab  
  63  18:16  Barracks  
  63  18:18  Barracks  
  59  18:23  Barracks  
  59  18:26  Barracks  
Tags
 
Add a new tag
Caveats
  • Supply blocks, unpowered buildings, or Contaminate may cause inaccurate times.
  • Supply counts are checked every 10 seconds.